TOP OF THE 1ST |
Beaumont Roughnecks batting - Pitching for Salem Silver Souls : RHP António Rodríguez
|
Pitching: RHP António Rodríguez
|
|
Batting: LHB Tony Rivera
|
0-0: Ball 1-0: Foul Ball, location: 2F 1-1: Foul Ball, location: 2F 1-2: Foul Ball, location: 2F 1-2: Ground out U3 (Groundball, 3L)
|
Batting: RHB Darwin Crane
|
0-0: Foul Ball, location: 2F 0-1: Ground out 3-1 (Groundball, 34D)
|
Batting: LHB Cam Flowers
|
0-0: Ball 1-0: Called Strike 1-1: Ball 2-1: Ball 3-1: Base on Balls
|
Batting: RHB Anthony Hezell
|
0-0: Called Strike 0-1: Ball 1-1: Ball 2-1: Ball 3-1: Base on Balls Cam Flowers to second
|
Batting: LHB Bernardo Morales
|
0-0: Foul Ball, location: 2F 0-1: Foul Ball, location: 2F 0-2: Ground out 4-3 (Groundball, 4M)
|
Top of the 1st over - 0 run(s), 0 hit(s), 0 error(s), 2 left on base; Beaumont 0 - Salem 0 |
BOTTOM OF THE 1ST |
Salem Silver Souls batting - Pitching for Beaumont Roughnecks : RHP José Salinas
|
Pitching: RHP José Salinas
|
|
Batting: RHB Augusto Baiano
|
0-0: Ball 1-0: Ball 2-0: Called Strike 2-1: Ball 3-1: Ground out 6-3 (Groundball, 6)
|
Batting: RHB Tom Hughes
|
0-0: Foul Ball, location: 2F 0-1: DOUBLE (Line Drive, 7LM)
|
Batting: LHB Ezechiele Bruno
|
0-0: Ball 1-0: SINGLE (Groundball, 56D) Tom Hughes to third Runner from 3rd tries for Home, SAFE, no throw
|
Batting: LHB Nick Scott
|
0-0: Called Strike Ezechiele Bruno steals 2nd base 0-1: Swinging Strike 0-2: Strikes out swinging
|
Batting: LHB Chance Santry
|
0-0: Called Strike 0-1: 2-RUN HOME RUN (Flyball, 9LD), Distance : 363 ft
|
Batting: RHB Willie Houk
|
0-0: Ball 1-0: Foul Ball, location: 2F 1-1: Foul Ball, location: 2F 1-2: Foul Ball, location: 2F 1-2: Strikes out swinging
|
Bottom of the 1st over - 3 run(s), 3 hit(s), 0 error(s), 0 left on base; Beaumont 0 - Salem 3 |
TOP OF THE 2ND |
Beaumont Roughnecks batting - Pitching for Salem Silver Souls : RHP António Rodríguez
|
Batting: LHB Enrique Cruz
|
0-0: Ball 1-0: Ball 2-0: Foul Ball, location: 2F 2-1: Called Strike 2-2: Fly out, F8 (Flyball, 8LM)
|
Batting: RHB Albert Alemán
|
0-0: Ball 1-0: Ball 2-0: Ball 3-0: Called Strike 3-1: Base on Balls
|
Batting: RHB Miguel Costa
|
0-0: Ball 1-0: Foul Ball, location: 2F 1-1: Swinging Strike 1-2: Strikes out swinging
|
Batting: RHB Jeff Mason
|
0-0: Called Strike 0-1: Swinging Strike 0-2: Strikes out swinging
|
Top of the 2nd over - 0 run(s), 0 hit(s), 0 error(s), 1 left on base; Beaumont 0 - Salem 3 |
BOTTOM OF THE 2ND |
Salem Silver Souls batting - Pitching for Beaumont Roughnecks : RHP José Salinas
|
Batting: SHB Jesús Sosa
|
0-0: Ball 1-0: Ball 2-0: Ball 3-0: Base on Balls
|
Batting: LHB Hamilton Hughes
|
0-0: Ball Jesús Sosa steals 2nd base 1-0: Foul Ball, location: 2F 1-1: Swinging Strike 1-2: Ground out 6-3 (Groundball, 6) Jesús Sosa to third
|
Batting: RHB Jack Snyder
|
0-0: Called Strike 0-1: Foul Ball, location: 2F 0-2: Ball 1-2: Strikes out looking
|
Batting: RHB Augusto Baiano
|
0-0: Called Strike 0-1: Ball 1-1: Called Strike 1-2: Ground out 6-3 (Groundball, 6)
|
Bottom of the 2nd over - 0 run(s), 0 hit(s), 0 error(s), 1 left on base; Beaumont 0 - Salem 3 |
TOP OF THE 3RD |
Beaumont Roughnecks batting - Pitching for Salem Silver Souls : RHP António Rodríguez
|
Batting: LHB Tony Rivera
|
0-0: Called Strike 0-1: Hit by Pitch
|
Batting: RHB Darwin Crane
|
0-0: Called Strike 0-1: Ball 1-1: Ball 2-1: Swinging Strike 2-2: Grounds into double play, 4-6-3 (Groundball, 4)
|
Batting: LHB Cam Flowers
|
0-0: DOUBLE (Line Drive, 9LM)
|
Batting: RHB Anthony Hezell
|
0-0: Ball 1-0: Called Strike 1-1: Foul Ball, location: 2F 1-2: Ball 2-2: Ball 3-2: Foul Ball, location: 2F 3-2: Fly out, F5 (Line Drive, 5)
|
Top of the 3rd over - 0 run(s), 1 hit(s), 0 error(s), 1 left on base; Beaumont 0 - Salem 3 |
BOTTOM OF THE 3RD |
Salem Silver Souls batting - Pitching for Beaumont Roughnecks : RHP José Salinas
|
Batting: RHB Tom Hughes
|
0-0: Ball 1-0: Foul Ball, location: 2F 1-1: Ball 2-1: Swinging Strike 2-2: Ground out 4-3 (Groundball, 4)
|
Batting: LHB Ezechiele Bruno
|
0-0: Ball 1-0: Ball 2-0: Called Strike 2-1: Ball 3-1: Base on Balls
|
Batting: LHB Nick Scott
|
0-0: Foul Ball, location: 2F 0-1: Foul Ball, location: 2F 0-2: Ball 1-2: Foul Ball, location: 2F 1-2: Ball 2-2: Ball 3-2: Reached on error, E4 (Popup, 4) Ezechiele Bruno to second
|
Batting: LHB Chance Santry
|
0-0: Foul Ball, location: 2F 0-1: Called Strike 0-2: Ball 1-2: SINGLE (Groundball, 34D) Ezechiele Bruno to third Nick Scott to second Runner from 3rd tries for Home, SAFE, no throw
|
Batting: RHB Willie Houk
|
0-0: Called Strike 0-1: Called Strike 0-2: Foul Ball, location: 2F 0-2: SINGLE (Flyball, 8RS) Nick Scott to third Chance Santry to second Runner from 3rd tries for Home, throw and OUT!
|
Batting: SHB Jesús Sosa
|
0-0: Ball 1-0: Foul Ball, location: 2F 1-1: Foul Ball, location: 2F 1-2: Foul Ball, location: 2F 1-2: Foul Ball, location: 2F 1-2: Ground out U3 (Groundball, 3D)
|
Bottom of the 3rd over - 1 run(s), 2 hit(s), 1 error(s), 2 left on base; Beaumont 0 - Salem 4 |
TOP OF THE 4TH |
Beaumont Roughnecks batting - Pitching for Salem Silver Souls : RHP António Rodríguez
|
Now in RF: Joel Nelson
|
|
Batting: LHB Bernardo Morales
|
0-0: Ball 1-0: Called Strike 1-1: Ball 2-1: Ball 3-1: Swinging Strike 3-2: Base on Balls
|
Batting: LHB Enrique Cruz
|
0-0: Ball 1-0: Foul Ball, location: 2F 1-1: Foul Ball, location: 2F 1-2: Foul Ball, location: 2F 1-2: Hit by Pitch Bernardo Morales to second
|
Batting: RHB Albert Alemán
|
0-0: SINGLE (Groundball, 56D) Bernardo Morales to third Enrique Cruz to second
|
Batting: RHB Miguel Costa
|
0-0: Ball 1-0: Swinging Strike 1-1: Ball 2-1: Ball 3-1: Foul Ball, location: 2F 3-2: Fielders Choice at 2nd, 6-4 (Groundball, 6) Bernardo Morales scores Enrique Cruz to third
|
Pitching: RHP Dave Williams
|
|
Batting: RHB Jeff Mason
|
0-0: Called Strike 0-1: Swinging Strike 0-2: Ball Miguel Costa steals 2nd base 1-2: Foul Ball, location: 2F 1-2: SINGLE (Groundball, 56D) Enrique Cruz scores Miguel Costa to third Runner from 3rd tries for Home, SAFE, no throw
|
Batting: LHB Tony Rivera
|
0-0: Called Strike 0-1: Ball 1-1: Ball Jeff Mason is caught stealing 2nd base 2-1: Ball 3-1: Base on Balls
|
Batting: RHB Darwin Crane
|
0-0: Called Strike Tony Rivera steals 2nd base 0-1: Foul Ball, location: 2F 0-2: Ball 1-2: Foul Ball, location: 2F 1-2: Fly out, F8 (Line Drive, 8RS)
|
Top of the 4th over - 3 run(s), 2 hit(s), 0 error(s), 1 left on base; Beaumont 3 - Salem 4 |
BOTTOM OF THE 4TH |
Salem Silver Souls batting - Pitching for Beaumont Roughnecks : RHP José Salinas
|
Batting: LHB Hamilton Hughes
|
0-0: Ball 1-0: Ball 2-0: Foul Ball, location: 2F 2-1: Foul Ball, location: 2F 2-2: Ball 3-2: Foul Ball, location: 2F 3-2: Base on Balls
|
Batting: RHB Jack Snyder
|
0-0: 2-RUN HOME RUN (Flyball, 7D), Distance : 386 ft
|
Batting: RHB Augusto Baiano
|
0-0: Swinging Strike 0-1: Ball 1-1: SINGLE (Line Drive, 89S)
|
Batting: RHB Tom Hughes
|
0-0: Ball 1-0: Called Strike 1-1: Ball Passed Ball! Augusto Baiano to second 2-1: Foul Ball, location: 2F 2-2: Ground out 6-3 (Groundball, 6)
|
Batting: LHB Ezechiele Bruno
|
0-0: Ball 1-0: Foul Ball, location: 2F 1-1: Called Strike 1-2: Fly out, F5 (Popup, 5L)
|
Batting: LHB Joel Nelson
|
0-0: Ball 1-0: Foul Ball, location: 2F 1-1: Swinging Strike 1-2: Strikes out looking
|
Bottom of the 4th over - 2 run(s), 2 hit(s), 0 error(s), 1 left on base; Beaumont 3 - Salem 6 |
TOP OF THE 5TH |
Beaumont Roughnecks batting - Pitching for Salem Silver Souls : RHP Dave Williams
|
Batting: LHB Cam Flowers
|
0-0: Ball 1-0: Swinging Strike 1-1: Called Strike 1-2: SINGLE (Groundball, 13S) (infield hit)
|
Batting: RHB Anthony Hezell
|
0-0: Called Strike 0-1: Foul Ball, location: 2F 0-2: Foul Ball, location: 2F 0-2: SINGLE (Line Drive, 89S) Cam Flowers to second
|
Batting: LHB Bernardo Morales
|
0-0: Called Strike 0-1: DOUBLE (Line Drive, 9LD) Cam Flowers scores Anthony Hezell to third Runner from 3rd tries for Home, SAFE, throw made home
|
Batting: LHB Enrique Cruz
|
0-0: Called Strike 0-1: Swinging Strike 0-2: Ball 1-2: Fly out, F8 (Flyball, 8RD)
|
Batting: RHB Albert Alemán
|
0-0: Swinging Strike 0-1: Swinging Strike 0-2: Strikes out looking
|
Batting: RHB Miguel Costa
|
0-0: Ball 1-0: Foul Ball, location: 2F 1-1: Swinging Strike 1-2: Foul Ball, location: 2F 1-2: Ball 2-2: Ball 3-2: Foul Ball, location: 2F 3-2: 2-RUN HOME RUN (Flyball, 7D), Distance : 400 ft
|
Batting: RHB Jeff Mason
|
0-0: Ball 1-0: Called Strike 1-1: Ground out 6-3 (Groundball, 6)
|
Top of the 5th over - 4 run(s), 4 hit(s), 0 error(s), 0 left on base; Beaumont 7 - Salem 6 |
BOTTOM OF THE 5TH |
Salem Silver Souls batting - Pitching for Beaumont Roughnecks : RHP José Salinas
|
Pitching: RHP Jesús Ortíz
|
|
Batting: LHB Chance Santry
|
0-0: Called Strike 0-1: Called Strike 0-2: Foul Ball, location: 2F 0-2: Ball 1-2: Strikes out looking
|
Batting: RHB Willie Houk
|
0-0: Foul Ball, location: 2F 0-1: Foul Ball, location: 2F 0-2: Ball 1-2: Fly out, F3 (Popup, 3S)
|
Batting: SHB Jesús Sosa
|
0-0: Swinging Strike 0-1: Ground out 5-3 (Groundball, 56S)
|
Bottom of the 5th over - 0 run(s), 0 hit(s), 0 error(s), 0 left on base; Beaumont 7 - Salem 6 |
TOP OF THE 6TH |
Beaumont Roughnecks batting - Pitching for Salem Silver Souls : RHP Dave Williams
|
Pitching: RHP Phil Schroeder
|
|
Batting: LHB Tony Rivera
|
0-0: Foul Ball, location: 2F 0-1: Fly out, F7 (Line Drive, 7)
|
Batting: RHB Darwin Crane
|
0-0: Called Strike 0-1: Foul Ball, location: 2F 0-2: Ball 1-2: Strikes out looking
|
Batting: LHB Cam Flowers
|
0-0: Foul Ball, location: 2F 0-1: Swinging Strike 0-2: Ball 1-2: Ground out U3 (Groundball, 3)
|
Top of the 6th over - 0 run(s), 0 hit(s), 0 error(s), 0 left on base; Beaumont 7 - Salem 6 |
BOTTOM OF THE 6TH |
Salem Silver Souls batting - Pitching for Beaumont Roughnecks : RHP Jesús Ortíz
|
Batting: LHB Hamilton Hughes
|
0-0: Ball 1-0: Foul Ball, location: 2F 1-1: Ball 2-1: Ground out 5-3 (Groundball, 56S)
|
Batting: RHB Jack Snyder
|
0-0: Called Strike 0-1: Called Strike 0-2: Strikes out swinging
|
Batting: RHB Augusto Baiano
|
0-0: Called Strike 0-1: Ball 1-1: Swinging Strike 1-2: Ground out 6-3 (Groundball, 6)
|
Bottom of the 6th over - 0 run(s), 0 hit(s), 0 error(s), 0 left on base; Beaumont 7 - Salem 6 |
TOP OF THE 7TH |
Beaumont Roughnecks batting - Pitching for Salem Silver Souls : RHP Phil Schroeder
|
Batting: RHB Anthony Hezell
|
0-0: Swinging Strike 0-1: Called Strike 0-2: Ball 1-2: SINGLE (Groundball, 34S) (infield hit)
|
Batting: LHB Bernardo Morales
|
0-0: Called Strike 0-1: SINGLE (Line Drive, 8LS) Anthony Hezell to second
|
Batting: LHB Enrique Cruz
|
0-0: Ball 1-0: Ground out 4-3 (Groundball, 4M) Anthony Hezell to third Bernardo Morales to second
|
Batting: RHB Albert Alemán
|
0-0: Intentional Walk
|
Batting: RHB Miguel Costa
|
0-0: Called Strike 0-1: SINGLE (Flyball, 7S) Anthony Hezell scores Bernardo Morales to third Albert Alemán to second
|
Batting: RHB Jeff Mason
|
0-0: Fly out, F8 (Flyball, 89S)
|
Batting: LHB Tony Rivera
|
0-0: Foul Ball, location: 2F 0-1: Called Strike 0-2: Foul Ball, location: 2F 0-2: Ball 1-2: Foul Ball, location: 2F 1-2: Foul Ball, location: 2F 1-2: Fly out, F7 (Flyball, 7LS)
|
Top of the 7th over - 1 run(s), 3 hit(s), 0 error(s), 3 left on base; Beaumont 8 - Salem 6 |
BOTTOM OF THE 7TH |
Salem Silver Souls batting - Pitching for Beaumont Roughnecks : RHP Jesús Ortíz
|
Batting: RHB Tom Hughes
|
0-0: Ball 1-0: Foul Ball, location: 2F 1-1: Foul Ball, location: 2F 1-2: Ball 2-2: Ball 3-2: Foul Ball, location: 2F 3-2: Base on Balls
|
Batting: LHB Ezechiele Bruno
|
0-0: Fly out, F8 (Flyball, 8LM)
|
Batting: LHB Joel Nelson
|
0-0: Ball Tom Hughes is caught stealing 2nd base 1-0: Foul Ball, location: 2F 1-1: Ball 2-1: SINGLE (Groundball, 4MD)
|
Batting: LHB Chance Santry
|
0-0: Ball 1-0: Fly out, F8 (Flyball, 8RXD)
|
Bottom of the 7th over - 0 run(s), 1 hit(s), 0 error(s), 1 left on base; Beaumont 8 - Salem 6 |
TOP OF THE 8TH |
Beaumont Roughnecks batting - Pitching for Salem Silver Souls : RHP Phil Schroeder
|
Batting: RHB Darwin Crane
|
0-0: Called Strike 0-1: Ground out 5-3 (Groundball, 56)
|
Batting: LHB Cam Flowers
|
0-0: Called Strike 0-1: Foul Ball, location: 2F 0-2: Strikes out swinging
|
Batting: RHB Anthony Hezell
|
0-0: Ball 1-0: Ground out 4-3 (Groundball, 4)
|
Top of the 8th over - 0 run(s), 0 hit(s), 0 error(s), 0 left on base; Beaumont 8 - Salem 6 |
BOTTOM OF THE 8TH |
Salem Silver Souls batting - Pitching for Beaumont Roughnecks : RHP Jesús Ortíz
|
Batting: RHB Willie Houk
|
0-0: Ball 1-0: Swinging Strike 1-1: Foul Ball, location: 2F 1-2: Foul Ball, location: 2F 1-2: Foul Ball, location: 2F 1-2: Strikes out looking
|
Batting: SHB Jesús Sosa
|
0-0: DOUBLE (Line Drive, 8RXD)
|
Pitching: LHP Artie Nelson
|
|
Batting: LHB Hamilton Hughes
|
0-0: Swinging Strike 0-1: Ball 1-1: Foul Ball, location: 2F 1-2: Foul Ball, location: 2F 1-2: Strikes out looking
|
Batting: RHB Jack Snyder
|
0-0: Ball 1-0: Ball 2-0: Ball 3-0: Base on Balls
|
Pinch Hitting: RHB Jim Villiers
|
0-0: Foul Ball, location: 2F 0-1: Hit by Pitch Jesús Sosa to third Jack Snyder to second
|
Pinch Hitting: RHB Gabriel Miranda
|
0-0: Ball 1-0: Foul Ball, location: 2F 1-1: Swinging Strike 1-2: Fielders Choice at 2nd, 5-4 (Groundball, 56)
|
Bottom of the 8th over - 0 run(s), 1 hit(s), 0 error(s), 2 left on base; Beaumont 8 - Salem 6 |
TOP OF THE 9TH |
Beaumont Roughnecks batting - Pitching for Salem Silver Souls : RHP Phil Schroeder
|
Now at 2B: Adam Thomas
|
|
Now at SS: Gabriel Miranda
|
|
Batting: LHB Bernardo Morales
|
0-0: Ball 1-0: Ground out 4-3 (Groundball, 4)
|
Batting: LHB Enrique Cruz
|
0-0: Called Strike 0-1: Ball 1-1: Foul Ball, location: 2F 1-2: Ball 2-2: Ball 3-2: Foul Ball, location: 2F 3-2: Foul Ball, location: 2F 3-2: Base on Balls
|
Batting: RHB Albert Alemán
|
0-0: Fly out, F5 (Line Drive, 5)
|
Batting: RHB Miguel Costa
|
0-0: SINGLE (Line Drive, 8RS) Enrique Cruz to second
|
Pitching: RHP Taylor Bowen
|
|
Batting: RHB Jeff Mason
|
0-0: Called Strike 0-1: Ball 1-1: Ball 2-1: Ball 3-1: Base on Balls Enrique Cruz to third Miguel Costa to second
|
Batting: LHB Tony Rivera
|
0-0: Ball 1-0: Foul Ball, location: 2F 1-1: Swinging Strike 1-2: Foul Ball, location: 2F 1-2: Fly out, F8 (Flyball, 8RD)
|
Top of the 9th over - 0 run(s), 1 hit(s), 0 error(s), 3 left on base; Beaumont 8 - Salem 6 |
BOTTOM OF THE 9TH |
Salem Silver Souls batting - Pitching for Beaumont Roughnecks : LHP Artie Nelson
|
Pitching: RHP Grady Connolly
|
|
Batting: LHB Ezechiele Bruno
|
0-0: Ball 1-0: Called Strike 1-1: Foul Ball, location: 2F 1-2: Strikes out swinging
|
Batting: LHB Joel Nelson
|
0-0: Foul Ball, location: 2F 0-1: Foul Ball, location: 2F 0-2: Foul Ball, location: 2F 0-2: Ground out 3-1 (Groundball, 34)
|
Batting: LHB Chance Santry
|
0-0: Called Strike 0-1: Called Strike 0-2: Strikes out swinging
|
Bottom of the 9th over - 0 run(s), 0 hit(s), 0 error(s), 0 left on base; Beaumont 8 - Salem 6 |
|